 Dungeon Crawl Stone Soup version 0.24-a0-613-g1ff6aac338 (webtiles) character file.

Game seed: 1808518002077575205, levelgen mode: deterministic

2744 DasRunzen the Fighter (level 9, -20/81 HPs)
             Began as a Minotaur Fighter on Sept 12, 2019.
             Was a Believer of Okawaru.
             Demolished by Gastronok (29 damage)
             ... on level 8 of the Dungeon.
             The game lasted 00:12:01 (6168 turns).

DasRunzen the Fighter (Minotaur Fighter)            Turns: 6168, Time: 00:12:01

Health: -20/81     AC: 11    Str: 20    XL:     9   Next: 41%
Magic:  10/10      EV:  9    Int:  9    God:    Okawaru [**....]
Gold:   283        SH:  0    Dex: 14    Spells: 8/8 levels left

rFire    . . .     SeeInvis .   y - +6 great sword "Citt" {slice, MR- Int+4 Stlth+}
rCold    . . .     Gourm    .   (shield currently unavailable)
rNeg     . . .     Faith    .   b - +0 scale mail
rPois    .         Spirit   .   i - +2 hat
rElec    .         Reflect  .   v - -2 cloak (curse)
rCorr    .         Harm     .   j - +1 pair of gloves
MR       .....                  (no boots)
Stlth    +.........             (no amulet)
HPRegen  0.23/turn              (no ring)
MPRegen  0.12/turn              (no ring)

@: no status effects
A: retaliatory headbutt, horns 2
a: Heroism, Renounce Religion


You were on level 8 of the Dungeon.
You worshipped Okawaru.
Okawaru was pleased with you.
You were hungry.

You visited 2 branches of the dungeon, and saw 9 of its levels.
You also visited: Sewer.

You collected 283 gold pieces.

Inventory:

Hand Weapons
 a - a +2 war axe
 y - the +6 great sword "Citt" (weapon) {slice, MR- Int+4 Stlth+}
   (You found it on level 7 of the Dungeon)

   It inflicts extra damage upon your enemies.
   It affects your intelligence (+4).
   It affects your resistance to hostile enchantments.
   It makes you more stealthy.
Armour
 b - a +0 scale mail (worn)
 c - a +0 shield
 i - a +2 hat (worn)
 j - a +1 pair of gloves (worn)
 v - a cursed -2 cloak (worn)
Wands
 k - a wand of disintegration (15)
 o - a wand of polymorph (6)
 s - a wand of iceblast (3)
Scrolls
 g - 4 scrolls of amnesia
 q - 2 scrolls of blinking
 t - a scroll of magic mapping
 u - 2 scrolls of immolation
 x - a scroll of fear
Potions
 d - 2 potions of might
 e - 8 potions of heal wounds
 h - 11 potions of curing
 l - a potion of invisibility
 m - 3 potions of lignification
 n - 2 potions of resistance
 p - a potion of magic
 r - a potion of brilliance {unknown}
Comestibles
 f - 6 rations


   Skills:
 + Level 8.3 Fighting
 + Level 1.2 Long Blades
 + Level 7.8 Axes
 + Level 8.2 Armour
 + Level 8.3 Shields
 + Level 3.2 Invocations


You had 8 spell levels left.
You didn't know any spells.
Your spell library contained the following spells:

 Spells                   Type           Power        Failure   Level  Hunger
 Animate Skeleton         Necr           N/A          69%         1    ##.....
 Pain                     Necr           #...         69%         1    ##.....
 Corpse Rot               Necr           N/A          83%         2    ###....
 Sublimation of Blood     Necr           #.........   83%         2    ###....
 Vampiric Draining        Necr           #.........   96%         3    ####...
 Bolt of Draining         Conj/Necr      #.........   100%        5    ######.
 Death Channel            Necr           #.........   100%        6    #######


Dungeon Overview and Level Annotations

Branches:
Dungeon (8/15)             Temple (1/1) D:6           Sewer (visited)
   Lair: D:8-11

Altars:
Cheibriados
Dithmenos
Fedhas
Gozag
Hepliaklqana
Kikubaaqudgha
Makhleb
Nemelex Xobeh
Okawaru
Qazlal
Ru
Sif Muna
Trog
Uskayaw
Wu Jian
Xom
Yredelemnul
Zin
The Shining One

Shops:
D:5 *   D:6 =}(*(*

Annotations:
D:4 2 runed translucent doors, Jorund's ghost, amateur DsGl
D:8 Gastronok


Innate Abilities, Weirdness & Mutations

You reflexively headbutt those who attack you in melee.
You have a pair of horns on your head.


Message History

You are too injured to fight recklessly!
You slice Gastronok!! You headbutt Gastronok.
Gastronok is severely wounded.
Gastronok gurgles, "You're how I like my food.
Fast!"
Gastronok bites you!
* * * LOW HITPOINT WARNING * * *
You hit Gastronok. Your headbutt misses Gastronok.
Gastronok is severely wounded.
You hit Gastronok. You headbutt Gastronok!
Gastronok is almost dead.
Gastronok completely misses you.
Unknown command.
You hit Gastronok.
Gastronok is almost dead.
Gastronok chants a spell, wobbling all the while.
You feel a sudden, passing aversion to salt.
You hit Gastronok.
Gastronok is almost dead.
Gastronok bites you!!
You die...

# #. #### ...
#. #.. ...##
#.##w###.....
#..@....#..#
#(##.#####..#
#.# #..#
#.#####..#
#........#
#######.###
#...#
#.#.######
#####......#


You could see Gastronok.

Vanquished Creatures
  Grinder (D:6)
  Sigmund (D:3)
  A sky beast (D:7)
  Purgy (D:3)
  An ogre (D:7)
  2 ice beasts
  3 centaurs
  2 bullfrogs
  A wyvern zombie (D:6)
  3 scorpions
  A water moccasin skeleton (D:5)
  4 killer bees (D:7)
  3 howler monkeys
  3 crimson imps
  4 orc priests
  2 hounds
  8 orc wizards
  A bullfrog skeleton (D:7)
  3 centaur skeletons
  3 worker ants
  2 iguanas
  A killer bee zombie (D:5)
  4 gnolls (D:3)
  13 adders
  A shadow imp (D:7)
  An adder skeleton (D:7)
  4 worms
  3 dart slugs
  3 leopard geckos
  19 orcs
  7 bats
  2 giant cockroaches
  2 goblins
  3 hobgoblins
  13 jackals
  5 quokkas
  2 ball pythons (Sewer)
  7 frilled lizards
  A jackal skeleton (D:5)
  12 kobolds
  A leopard gecko skeleton (D:4)
  A leopard gecko zombie (D:5)
  3 rats (D:6)
  2 plants (Sewer)
160 creatures vanquished.

Notes
Turn   | Place    | Note
-------+----------+-------------------------------------------
     0 | D:1      | DasRunzen the Minotaur Fighter began the quest for the Orb.
     0 | D:1      | Reached XP level 1. HP: 19/19 MP: 0/0
    70 | D:1      | You fall into a shaft and drop 1 floor!
   143 | D:2      | Reached XP level 2. HP: 20/27 MP: 1/1
   977 | D:2      | Reached XP level 3. HP: 31/33 MP: 2/2
  1655 | D:3      | Reached XP level 4. HP: 15/40 MP: 3/3
  1803 | D:3      | Noticed Sigmund
  1818 | D:3      | Killed Sigmund
  1818 | D:3      | Reached skill level 5 in Fighting
  1818 | D:3      | Reached skill level 5 in Armour
  1818 | D:3      | Reached XP level 5. HP: 8/48 MP: 4/4
  2039 | D:3      | Reached skill level 5 in Shields
  2086 | D:3      | Noticed Purgy
  2111 | D:3      | Killed Purgy
  2111 | D:3      | Reached XP level 6. HP: 40/56 MP: 5/5
  2409 | D:3      | Found a sparkling altar of Nemelex Xobeh.
  2409 | D:3      | Found a sacrificial altar of Ru.
  2447 | D:4      | Noticed an ice beast
  2452 | D:4      | Killed an ice beast
  2615 | D:4      | Reached skill level 5 in Axes
  2615 | D:4      | Reached XP level 7. HP: 45/62 MP: 6/6
  2771 | D:4      | Found a large runed translucent door.
  2771 | D:4      | Found a large runed translucent door.
  2811 | D:4      | Noticed Jorund's ghost (amateur DsGl)
  3006 | D:4      | Found a hazy altar of Hepliaklqana.
  3159 | D:5      | Entered Level 5 of the Dungeon
  3251 | D:5      | Found a glowing golden altar of the Shining One.
  3255 | D:5      | Found Xumiob's Assorted Antiques.
  3310 | D:5      | Reached XP level 8. HP: 55/71 MP: 7/7
  3704 | D:6      | Found a staircase to the Ecumenical Temple.
  3721 | Temple   | Entered the Ecumenical Temple
  3769 | Temple   | Became a worshipper of Warmaster Okawaru
  3832 | D:6      | Found Veakk's Gadget Emporium.
  3925 | D:6      | Found a glowing drain.
  3931 | Sewer    | Entered a sewer
  4551 | D:6      | Found Gewieved's General Store.
  4555 | D:6      | Reached skill level 1 in Invocations
  4606 | D:6      | Found Koroud's Jewellery Boutique.
  4791 | D:6      | Found Soegusuo's Antique Weapon Shop.
  4795 | D:6      | Found Zin's Purification Station.
  4795 | D:6      | Noticed Grinder
  4796 | D:6      | Paralysed by Grinder for 7 turns
  4804 | D:6      | Found a glowing silver altar of Zin.
  4811 | D:6      | Paralysed by Grinder for 7 turns
  4821 | D:6      | Killed Grinder
  4867 | D:6      | Found Cifeps's Antique Weapon Boutique.
  5071 | D:7      | Reached * piety under Okawaru
  5105 | D:7      | Reached XP level 9. HP: 42/80 MP: 9/9
  5489 | D:7      | Identified the Almanac of Black Magic
  5642 | D:7      | Got a translucent great sword
  5658 | D:7      | Identified the +6 great sword "Citt" {slice, MR- Int+4
                  | Stlth+} (You found it on level 7 of the Dungeon)
  5698 | D:7      | Reached ** piety under Okawaru
  5803 | D:7      | Reached skill level 1 in Long Blades
  6027 | D:7      | Found an ancient bone altar of Kikubaaqudgha.
  6134 | D:8      | Found a shadowy altar of Dithmenos.
  6155 | D:8      | Noticed Gastronok
  6168 | D:8      | Demolished by Gastronok

Levels and vault maps discovered:
D:1:      lemuel_arrival_river_bridge, layout_loops_ring
D:2:      layout_basic
D:3:      layout_basic, gammafunk_temple_overflow_pools, uniq_purgy,
          uniq_sigmund
D:4:      layout_loops_ring, lemuel_coloured_pillars_altar,
          ebering_ghost_disaster_area
D:5:      layout_cave_pools, lemuel_doored_altar, first_ration, serial_shops,
          shop_fountains
D:6:      layout_basic, zin_purify, minmay_temple_entry_stoned_glass,
          serial_shops, shop, shop_fountains, nicolae_shop_behind_doors,
          nicolae_shop_trees, shop, gup_sewer_entry_bubbles, uniq_grinder
D:7:      layout_loops_ring, lemuel_zombie_altar_kikubaaqudgha
D:8:      layout_loops_corners, nicolae_ashenzari_panopticon,
          nicolae_overflow_crystal_walls, blue_anna_alchemist
          [blue_anna_fruit_fields, blue_anna_fruit_fields], uniq_gastronok,
          uniq_psyche
Temple:   nicolae_temple_hex_pool

Skill      XL: |  1  2  3  4  5  6  7  8  9 |
---------------+----------------------------+-----
Fighting       | 4 5 6 7 8 |  8.3
Armour         | 4 5 6 7 8 |  8.2
Shields        | 4 5 6 7 8 |  8.3
Axes           | 3 4 5 6 7 |  7.8
Invocations    | 2 3 |  3.2
Long Blades    | 1 |  1.2

Action                   |  1- 3 |  4- 6 |  7- 9 || total
-------------------------+-------+-------+-------++-------
Melee: War axe           |    83 |    76 |   324 ||   483
       Headbutt          |    10 |    16 |    75 ||   101
       Great sword       |       |       |    33 ||    33
  Use: Scroll            |     4 |     2 |    14 ||    20
  Eat: Chunk             |     2 |     3 |     9 ||    14
       Ration            |       |       |     1 ||     1
Armor: Scale mail        |    53 |    51 |   125 ||   229
Dodge: Dodged            |    27 |    33 |    90 ||   150
Block: Shield            |    49 |    52 |   159 ||   260

Table legend:
 A = Non-vault XP
 B = Vault XP
 C = Vault XP percentage of total XP
 D = Non-vault monster count
 E = Vault monster count
 F = Vault count percentage of total count
                 A         B        C        D         E       F
            +---------+---------+-------+---------+---------+-------
      Total |    3223 |     697 |  17.8 |     127 |      31 |  19.6
            +---------+---------+-------+---------+---------+-------
        D:1 |       9 |       0 |   0.0 |       5 |       0 |   0.0
        D:2 |      36 |       0 |   0.0 |      11 |       0 |   0.0
        D:3 |     154 |     357 |  69.9 |      23 |       2 |   8.0
        D:4 |     524 |       0 |   0.0 |      20 |       0 |   0.0
        D:5 |     563 |       0 |   0.0 |      25 |       0 |   0.0
        D:6 |     433 |     287 |  39.9 |       6 |       9 |  60.0
        D:7 |    1499 |       0 |   0.0 |      35 |       0 |   0.0
        D:8 |       5 |       0 |   0.0 |       2 |       0 |   0.0
      Sewer |       0 |      53 | 100.0 |       0 |      20 | 100.0
            +---------+---------+-------+---------+---------+-------
